 Dungeon Crawl Stone Soup version 0.22-a0-305-gd21a89c (webtiles) character file.

4443 Gorice the Poker (level 10, -11/65 HPs)
             Began as a Demonspawn Wanderer on Mar 31, 2018.
             Killed from afar by a rakshasa (17 damage)
             ... with an orb of energy
             ... on level 8 of the Dungeon.
             The game lasted 00:42:20 (10189 turns).

Gorice the Poker (Demonspawn Wanderer)             Turns: 10189, Time: 00:42:21

Health: -11/65     AC: 14    Str: 17    XL:     10   Next: 15%
Magic:  0/10       EV: 14    Int: 18    God:
Gold:   508        SH:  0    Dex: 17    Spells: 9/9 levels left

rFire    + . .     SeeInvis .   G - +2 broad axe (flame)
rCold    + + .     Gourm    .   (no shield)
rNeg     . . .     Faith    .   e - +0 plate armour
rPois    +         Spirit   +   o - +0 helmet
rElec    +         Reflect  .   (no cloak)
rCorr    +         Harm     .   (no gloves)
MR       .....                  (no boots)
Stlth    ..........             (no amulet)
HPRegen  0.20/turn              p - ring of poison resistance
MPRegen  0.24/turn              c - ring of protection from cold

@: mighty, agile, resistant, very slightly contaminated
A: foul stench 1, magic shield, magic regeneration, rot immunity, sturdy frame 3
a: no special abilities


You were on level 8 of the Dungeon.
You were very hungry.

You visited 2 branches of the dungeon, and saw 9 of its levels.
You also visited: Sewer.

You collected 508 gold pieces.

Inventory:

Hand Weapons
 a - a +0 trident
 d - a cursed +0 halberd
 x - a +2 spear
 A - a +1 flail of crushing
   (You took it off an orc on level 4 of the Dungeon)
 G - a +2 broad axe of flaming (weapon)
   (You took it off Blork the orc on level 6 of the Dungeon)
Missiles
 k - 2 tomahawks (quivered)
 t - 42 sling bullets
 Y - 184 stones
 Z - 3 javelins of penetration
Armour
 e - a +0 plate armour (worn)
 l - a +1 scale mail
 o - a +0 helmet (worn)
Magical Staves
 r - an uncursed staff of energy {unknown}
Jewellery
 c - a ring of protection from cold (right hand)
 f - an uncursed ring of protection from fire
 g - a +2 ring of strength
 h - an uncursed ring of wizardry
 i - an uncursed ring of see invisible
 p - a ring of poison resistance (left hand)
Wands
 u - a wand of acid (3)
 v - a wand of digging (33)
 z - a wand of flame (45)
Scrolls
 q - 2 scrolls of remove curse
 y - a scroll of vulnerability {unknown}
 E - a scroll of enchant armour
Potions
 m - a potion of might {!q}
 w - 2 potions of magic {!q}
 C - a potion of brilliance {!q}
 D - 2 potions of agility {!q}
Comestibles
 F - 9 rations


   Skills:
 - Level 1.0 Fighting
 * Level 7.8(9.3) Axes
 - Level 7.9(9.3) Polearms
 + Level 7.8 Armour
 - Level 1.0 Dodging
 - Level 1.7 Stealth
   Level 1.0 Shields
   Level 1.1 Necromancy
   Level 1.7 Translocations
 - Level 1.0 Evocations


You had 9 spell levels left.
You didn't know any spells.

Dungeon Overview and Level Annotations

Branches:
Dungeon (8/15)             Temple (1/1) D:5            Lair (0/6) D:8

Altars:
Ashenzari
Cheibriados
Dithmenos
Elyvilon
Fedhas
Gozag
Hepliaklqana
Kikubaaqudgha
Makhleb
Nemelex Xobeh
Ru
Sif Muna
Trog
Uskayaw
Vehumet
Wu Jian
Xom
Yredelemnul
Zin
The Shining One


Innate Abilities, Weirdness & Mutations

You may emit foul miasma when damaged in melee.
When hurt, damage is shared between your health and your magic reserves.
You regenerate magic rapidly.
You are immune to rotting.
Your movements are significantly less encumbered by armour. (ER -6)


Message History

The green ugly thing is heavily wounded.
The green ugly thing is engulfed in dark miasma.
The green ugly thing closely misses you.
You barely miss the green ugly thing.
The green ugly thing is severely wounded.
Your extra speed is starting to run out.
The green ugly thing is engulfed in dark miasma.
The green ugly thing claws you but does no damage.
You slash the green ugly thing! You burn the green ugly thing.
The green ugly thing is severely wounded.
You slash the green ugly thing! You burn the green ugly thing.
The green ugly thing is almost dead.
The green ugly thing is engulfed in dark miasma.
The green ugly thing seems to slow down.
The green ugly thing basks in the mutagenic energy from its kin and changes!
You barely miss the red ugly thing.
The red ugly thing is almost dead.
You slice the red ugly thing!! You burn the red ugly thing.
The red ugly thing is almost dead.
You barely miss the red ugly thing.
The red ugly thing is almost dead.
The red ugly thing is engulfed in dark miasma.
The red ugly thing is poisoned.
The red ugly thing closely misses you.
You completely miss the red ugly thing.
The red ugly thing is almost dead.
The red ugly thing barely misses you.
You slice the red ugly thing!! You burn the red ugly thing.
You kill the red ugly thing!
The red ugly thing's corpse shimmers and vanishes!
You feel yourself slow down.
The rakshasa weaves an illusion.
Okay, then.
Unknown command.
Unknown command.
Unknown command.
Okay, then.
You barely miss something. You barely miss the green ugly thing.
The rakshasa weaves an illusion.
The green ugly thing pecks you!
* * * LOW HITPOINT WARNING * * *
Damage: 8 (max 15)
Okay, then.
Blink to where?
Press: ? - help, Dir - move target cursor You are very lightly contaminated with residual magic.
As you read the scroll of blinking, it crumbles to dust.
The rakshasa gestures at you. The orb of energy hits you!
You die...

......#..##.#####.#### .#
#####
.........##.##.##.##.##.##.#
.......####.##..).u........#
.......# #.##.##.##.##.##[#
.......# #.##.##R#### .#
.......# #.####...# .:
.####### #.#####.#### ### #
#.##.##.##.# #.'...@....#
#.##.##†##.# #.#####.####
#.## #....# #..########
##..## ##.### ..


You could see a green ugly thing and a rakshasa.

Vanquished Creatures
  An ugly thing (D:8)
  A cyclops (D:8)
  2 hippogriffs (D:8)
  A hungry ghost (D:8)
  Eustachio (D:6)
  Edmund (D:6)
  4 water moccasins
  5 ice beasts
  An orc warrior (D:6)
  A phantom (D:5)
  A sky beast (D:8)
  2 ogres
  A centaur (D:7)
  Blork the orc (D:6)
  A bullfrog (D:7)
  2 scorpions (D:4)
  4 wights
  A howler monkey (D:5)
  A crimson imp (D:5)
  4 hounds
  5 orc priests
  A gnoll shaman (D:8)
  A jelly (D:8)
  A bullfrog skeleton (D:7)
  An iguana (D:5)
  7 orc wizards
  5 worker ants
  A killer bee zombie (D:6)
  A hound skeleton (D:8)
  2 gnolls
  12 adders
  6 river rats (Sewer)
  3 oozes
  An adder zombie (D:7)
  An adder skeleton (D:4)
  5 worms
  A dart slug (D:1)
  3 leopard geckos
  28 orcs
  13 bats
  6 giant cockroaches
  6 hobgoblins
  7 jackals (D:2)
  5 quokkas
  4 ball pythons
  12 frilled lizards
  7 goblins
  A jackal skeleton (D:4)
  5 kobolds
  A leopard gecko skeleton (D:6)
  21 rats
209 creatures vanquished.

Notes
Turn   | Place    | Note
-------+----------+-------------------------------------------
     0 | D:1      | Gorice the Demonspawn Wanderer began the quest for the Orb.
     0 | D:1      | Gorice set off with: a +2 spear, a potion of curing, a +0 robe, a +0 dagger, a ration
     0 | D:1      | Reached XP level 1. HP: 15/15 MP: 1/1
   119 | D:1      | Gained mutation: You are immune to rotting. [demonic ancestry]
   119 | D:1      | Reached XP level 2. HP: 16/21 MP: 2/2
   189 | D:1      | Reached skill level 2 in Polearms
   189 | D:1      | Reached skill level 1 in Armour
   654 | D:2      | Gained mutation: Your movements are slightly less encumbered by armour. (ER -2) [demonic ancestry]
   654 | D:2      | Reached XP level 3. HP: 18/26 MP: 3/3
   726 | D:2      | Found a shattered altar of Ashenzari.
  1091 | D:2      | Reached skill level 3 in Polearms
  1091 | D:2      | Reached XP level 4. HP: 32/32 MP: 4/4
  1576 | D:3      | Reached skill level 2 in Armour
  1582 | D:3      | HP: 9/32 [poisoned by an adder]
  1587 | D:2      | HP: 8/32 [poisoned by an adder]
  1594 | D:2      | HP: 6/32 [poisoned by an adder]
  1602 | D:2      | HP: 5/32 [poisoned by an adder]
  2177 | D:3      | Gained mutation: Your movements are less encumbered by armour. (ER -4) [demonic ancestry]
  2177 | D:3      | Reached XP level 5. HP: 35/37 MP: 5/5
  2895 | D:4      | Noticed an ogre
  2907 | D:3      | Reached skill level 4 in Polearms
  2988 | D:4      | Killed an ogre
  3003 | D:4      | Reached skill level 3 in Armour
  3003 | D:4      | Reached XP level 6. HP: 33/43 MP: 6/6
  3186 | D:4      | HP: 9/43 [worker ant (6)]
  3193 | D:4      | HP: 7/43 [poisoned by a worker ant]
  3200 | D:4      | HP: 6/43 [poisoned by a worker ant]
  3208 | D:4      | HP: 5/43 [poisoned by a worker ant]
  3543 | D:4      | Reached skill level 5 in Polearms
  3582 | D:4      | HP: 12/43 [scorpion (3)]
  3587 | D:4      | HP: 6/43 [poisoned by a scorpion]
  4380 | D:4      | HP: 10/43 [orc priest/nerve-wracking pain (14)]
  4384 | D:4      | HP: 1/43 [orc priest/divine providence (10)]
  4404 | D:4      | Gained mutation: Your movements are significantly less encumbered by armour. (ER -6) [demonic ancestry]
  4404 | D:4      | Reached XP level 7. HP: 22/48 MP: 7/7
  4561 | D:4      | Reached skill level 6 in Polearms
  4751 | D:4      | Reached skill level 4 in Armour
  5017 | D:5      | Entered Level 5 of the Dungeon
  5054 | D:5      | Found a glowing drain.
  5090 | Sewer    | Entered a sewer
  5793 | D:5      | HP: 13/48 [orc priest/divine providence (13)]
  6237 | D:5      | Reached skill level 7 in Polearms
  6237 | D:5      | Gained mutation: You may emit foul miasma when damaged in melee. [demonic ancestry]
  6237 | D:5      | Reached XP level 8. HP: 35/54 MP: 8/8
  6722 | D:5      | Found a staircase to the Ecumenical Temple.
  6731 | Temple   | Entered the Ecumenical Temple
  6827 | D:6      | Noticed Eustachio
  6929 | D:6      | Killed Eustachio
  6929 | D:6      | Reached skill level 5 in Armour
  7170 | D:6      | Noticed Edmund
  7181 | D:6      | Killed Edmund
  7566 | D:6      | Noticed Blork the orc
  7585 | D:6      | Killed Blork the orc
  7726 | D:6      | Reached skill level 1 in Axes
  7873 | D:7      | Reached skill level 2 in Axes
  7947 | D:6      | Reached skill level 3 in Axes
  8078 | D:7      | Got a spiked scale mail
  8096 | D:7      | Identified the +0 scale mail of Zukoucw {Int+3} (You found it on level 7 of the Dungeon)
  8152 | D:7      | Reached skill level 6 in Armour
  8152 | D:7      | Gained mutation: When hurt, damage is shared between your health and your magic reserves. [demonic ancestry]
  8152 | D:7      | Reached XP level 9. HP: 42/59 MP: 9/9
  8323 | D:7      | Reached skill level 4 in Axes
  8545 | D:7      | Found a glowing golden altar of the Shining One.
  8963 | D:8      | Reached skill level 5 in Axes
  9210 | D:8      | Noticed a cyclops
  9558 | D:8      | Killed a cyclops
  9558 | D:8      | Reached skill level 6 in Axes
  9558 | D:8      | Reached skill level 7 in Armour
  9729 | D:8      | Found a staircase to the Lair.
  9974 | D:8      | Reached skill level 7 in Axes
 10036 | D:8      | Paralysed by fainting for 6 turns
 10103 | D:8      | Noticed a brown ugly thing
 10104 | D:8      | Noticed a rakshasa
 10120 | D:8      | Gained mutation: You regenerate magic rapidly. [demonic ancestry]
 10120 | D:8      | Reached XP level 10. HP: 43/65 MP: 8/10
 10134 | D:8      | HP: 9/65 [white ugly thing (13)]
 10141 | D:8      | Killed a red ugly thing
 10144 | D:8      | HP: 10/65 [rakshasa/orb of energy (12)]
 10149 | D:8      | HP: 4/65 [rakshasa/orb of energy (7)]
 10155 | D:8      | HP: 8/65 [rakshasa/enchanted trident (16)]
 10158 | D:8      | HP: 1/65 [rakshasa/enchanted trident (8)]
 10165 | D:8      | HP: 7/65 [rakshasa/enchanted trident (10)]
 10171 | D:8      | HP: 3/65 [green ugly thing (illusionary) (5)]
 10187 | D:8      | HP: 5/65 [green ugly thing (illusionary) (8)]
 10189 | D:8      | Killed from afar by a rakshasa

Vault maps used:
D:1:      onia_arrival_handbag, st_stairs_9
D:2:      ashenzari_altar_1, kennysheep_generic_room_4
D:4:      first_ration
D:5:      minmay_temple_entry_trees, cheibrodos_sewer_entry_sluice
D:6:      feat_on_display, uniq_blork_the_orc, uniq_edmund, uniq_eustachio
D:7:      nicolae_overflow_hidden_temple
D:8:      hangedman_cross_veins, kennysheep_mini, lair_entry_dummy,
          serial_glass, glass_columns_b, glass_columns_b, glass_columns_b,
          glass_columns_a, glass_columns_b, trog_eyes_of_draining
Temple:   nicolae_temple_no_exploring_needed
Sewer:    sewer_co_cracked_pipes

Skill      XL: |  1  2  3  4  5  6  7  8  9 |
---------------+----------------------------+-----
Polearms       | 2 3 4 5 7 |  7.9
Armour         | 1 2 3 4 6 7 |  7.8
Axes           | 3 7 |  7.8
Fighting       | |  1.0
Dodging        | |  1.0
Stealth        | |  1.7
Shields        | |  1.0
Necromancy     | |  1.1
Translocations | |  1.7
Evocations     | |  1.0

Action                   |  1- 3 |  4- 6 |  7- 9 | 10-12 || total
-------------------------+-------+-------+-------+-------++-------
Melee: Spear             |   170 |   361 |    23 |       ||   554
       Trident           |       |       |   316 |       ||   316
       Broad axe         |       |       |   268 |    40 ||   308
Throw: Stone             |     5 |       |       |       ||     5
       Tomahawk          |       |    23 |    13 |       ||    36
Evoke: Wand              |       |       |    10 |       ||    10
  Use: Scroll            |     6 |     5 |     7 |     2 ||    20
       Potion            |       |     4 |       |    11 ||    15
 Stab: Sleeping          |     1 |       |       |       ||     1
  Eat: Chunk             |     1 |    11 |    15 |       ||    27
       Ration            |       |       |     3 |       ||     3
Armor: Scale mail        |    59 |    99 |       |       ||   158
       Chain mail        |       |    19 |   128 |       ||   147
       Plate armour      |       |       |   197 |    14 ||   211
Dodge: Dodged            |    70 |   151 |   244 |    14 ||   479

Table legend:
 A = Spawn XP
 B = Non-spawn XP
 C = Spawn XP percentage of total XP
 D = Spawn monster count
 E = Non-spawn monster count
 F = Spawn count percentage of total count
 G = Total turns spent on level
                    A         B        C        D         E        F      G
               +---------+---------+-------+---------+---------+-------+---------
         Total |       0 |    6348 |   0.0 |       0 |     209 |   0.0 | 10189
               +---------+---------+-------+---------+---------+-------+---------
           D:1 |       0 |      34 |   0.0 |       0 |      19 |   0.0 |   584
           D:2 |       0 |      87 |   0.0 |       0 |      30 |   0.0 |  1184
           D:3 |       0 |     134 |   0.0 |       0 |      29 |   0.0 |  1407
           D:4 |       0 |     749 |   0.0 |       0 |      35 |   0.0 |  2270
           D:5 |       0 |     465 |   0.0 |       0 |      11 |   0.0 |   869
           D:6 |       0 |     827 |   0.0 |       0 |      10 |   0.0 |  1104
           D:7 |       0 |    1102 |   0.0 |       0 |      24 |   0.0 |  1599
           D:8 |       0 |    2846 |   0.0 |       0 |      24 |   0.0 |   703
         Sewer |       0 |     104 |   0.0 |       0 |      27 |   0.0 |   467
               +---------+---------+-------+---------+---------+-------+---------

Table legend:
 A = Turns spent in this place as a percentage of turns spent in the entire game.
 B = Non-inter-level travel turns spent in this place as a percentage of non-inter-level travel turns spent in the entire game.
 C = Inter-level travel turns spent in this place as a percentage of turns spent in this place.
 D = Turns resting spent in this place as a percentage of non-inter-level travel turns spent in this place.
 E = Turns spent auto-exploring this place as a percentage of non-inter-level travel turns spent in this place.
 F = Non-inter-level travel turns spent in this place divided by the number of levels of this place that you've seen.
                   A       B       C       D       E      F
               +-------+-------+-------+-------+-------+----------------------
         Total | 100.0 | 100.0 |   3.1 |  32.5 |  33.6 | 987.4
       Dungeon |  95.4 |  95.3 |   3.2 |  33.5 |  34.1 | 1175.6
        Temple |   0.0 |   0.0 |   0.0 |   0.0 |   0.0 |   2.0
         Sewer |   4.6 |   4.7 |   0.0 |  12.0 |  22.9 | 467.0
               +-------+-------+-------+-------+-------+----------------------

Vault maps used:
D:1:      onia_arrival_handbag, st_stairs_9
D:2:      ashenzari_altar_1, kennysheep_generic_room_4
D:4:      first_ration
D:5:      minmay_temple_entry_trees, cheibrodos_sewer_entry_sluice
D:6:      feat_on_display, uniq_blork_the_orc, uniq_edmund, uniq_eustachio
D:7:      nicolae_overflow_hidden_temple
D:8:      hangedman_cross_veins, kennysheep_mini, lair_entry_dummy,
          serial_glass, glass_columns_b, glass_columns_b, glass_columns_b,
          glass_columns_a, glass_columns_b, trog_eyes_of_draining
Temple:   nicolae_temple_no_exploring_needed
Sewer:    sewer_co_cracked_pipes
